 Dungeon Crawl Stone Soup version 0.31-a0-344-gd109795599 (webtiles) character file.

Game seed: 15849847049645013639

12 AdnanSaban the Trooper (level 2, -2/19 HPs)
             Began as a Gargoyle Fighter on July 22, 2023.
             Killed from afar by Natasha (5 damage)
             ... with a puff of flame
             ... on level 2 of the Dungeon.
             The game lasted 00:00:21 (251 turns).

AdnanSaban the Trooper (Gargoyle Fighter)            Turns: 251, Time: 00:00:22

Health: -2/19      AC:  9    Str: 19    XL:     2   Next: 33%
Magic:  2/2        EV:  9    Int:  8    God:
Gold:   14         SH:  4    Dex:  9    Spells: 1/1 levels left

rFire   . . .        a - +0 flail
rCold   . . .        c - +0 buckler
rNeg    + . .        b - +0 scale mail
rPois   ∞            (no helmet)
rElec   +            (no cloak)
rCorr   .            (no gloves)
SInv    .            (no boots)
Will    .....        (no amulet) Stlth
                     (no ring)
HPRegen 0.23/turn    (no ring)
MPRegen 0.08/turn

%: no passive effects
@: no status effects
A: sickness immunity, AC +2, negative energy resistance 1, electricity
resistance, torment resistance 1, petrification resistance
a: no special abilities


You were on level 2 of the Dungeon.
You visited 1 branch of the dungeon, and saw 2 of its levels.

You collected 14 gold pieces.

Inventory:

Hand Weapons
 a - a +0 flail (weapon)
Armour
 b - a +0 scale mail (worn)
 c - a +0 buckler (worn)
Potions
 d - a potion of might
 e - 2 potions of degeneration {unknown}
 f - a potion of berserk rage {unknown}


   Skills:
 + Level 3.5 Fighting
 + Level 2.1 Maces & Flails
 + Level 3.4 Armour
 + Level 0.2 Dodging
 + Level 3.4 Shields


You had one spell level left.
You didn't know any spells.
Your spell library was empty.

Dungeon Overview and Level Annotations

Branches:
Dungeon (2/15)

Altars:

Annotations:
D:2 Natasha


Innate Abilities, Weirdness & Mutations

You are immune to sickness and miasma.
Your stone body is resilient. (AC +2)
You are immune to poison.
You resist negative energy. (rN+)
You are resistant to electric shocks. (rElec)
You are resistant to unholy torment.
You are immune to petrification.


Message History

No target in view!
No target in view!
No target in view!
No target in view!
No target in view!
e - 2 smoky pink potions (gained 1)
You now have 14 gold pieces (gained 6).
Natasha, Servant of Life and Death comes into view.
She is carrying a wand of flame.
You see here a scroll labelled HOEDOW NEMNYK.
Natasha is nearby!
Natasha mumbles some strange words.
Natasha zaps a wand.
The puff of flame misses you.
The cerulean imp hits you with a +2 spear.
You barely miss Natasha.
Natasha zaps a wand.
The puff of flame hits you!
The cerulean imp hits you with a +2 spear!
* * * LOW HITPOINT WARNING * * *
You are too injured to fight recklessly!
You are too injured to fight recklessly!
You are too injured to fight recklessly!
You are too injured to fight recklessly!
You are too injured to fight recklessly!
You are too injured to fight recklessly!
You are too injured to fight recklessly!
You are too injured to fight recklessly!
You are too injured to fight recklessly!
You are too injured to fight recklessly!
You are too injured to fight recklessly!
You are too injured to fight recklessly!
You are too injured to fight recklessly!
You are too injured to fight recklessly!
You are too injured to fight recklessly!
You are too injured to fight recklessly!
You are too injured to fight recklessly!
You are too injured to fight recklessly!
You are too injured to fight recklessly!
You are too injured to fight recklessly!
You are too injured to fight recklessly!
You barely miss the cerulean imp.
Natasha zaps a wand.
The puff of flame hits you.
You die...

............... #.
#.........# ..
#.........# .#
#.........#####.#####
#...................#
#...................#
#....................
##...####...........#
#####.###
#?...@h.....#
.......#
#.....5.....#
#####.##
#...........# #.#
#...........# #.#
#...........# #.#
#...........# ..#
#...........# # ###
#############


You could see Natasha and a cerulean imp (summoned).

Vanquished Creatures
  3 goblins (D:1)
  A hobgoblin (D:2)
  A quokka (D:2)
  3 ball pythons (D:1)
  A bat (D:1)
  A frilled lizard (D:1)
  2 kobolds
12 creatures vanquished.

Notes
Turn   | Place    | Note
-------+----------+-------------------------------------------
     0 | D:1      | AdnanSaban the Gargoyle Fighter began the quest for the
                  | Orb.
     0 | D:1      | Reached XP level 1. HP: 14/14 MP: 1/1
    63 | D:1      | Reached XP level 2. HP: 19/19 MP: 2/2
    80 | D:1      | You fall into a shaft and drop 1 floor!
   245 | D:2      | Noticed Natasha
   251 | D:2      | Killed from afar by Natasha

Illustrated notes

Levels and vault maps discovered:
D:1:      dpeg_arrival_rooms_a, layout_rooms, hangedman_feature_mirror,
          minmay_crystal_room
D:2:      layout_basic, uniq_crazy_yiuf_cottage, uniq_natasha

Action                     || total
---------------------------++-------
  Melee: Flail             ||    49
 Armour: Scale mail        ||    35
  Dodge: Dodged            ||    31
  Block: Buckler           ||    15

Table legend: (Time is in decaauts)
 A = Elapsed time spent in this place.
 B = Non-inter-level travel time spent in this place.
 C = Inter-level travel time spent in this place.
 D = Time resting spent in this place.
 E = Time spent auto-exploring this place.
 F = Levels seen in this place.
 G = Mean time per level.
                   A        B        C        D        E       F      G
               +--------+--------+--------+--------+--------+-----+--------+
         Total |    267 |    267 |      0 |      0 |    165 |   2 |  133.5 |
       Dungeon |    267 |    267 |      0 |      0 |    165 |   2 |  133.5 |
               +--------+--------+--------+--------+--------+-----+--------+

Top non-repeatable levels by time:
     D:2: 175 daAuts
     D:1: 91 daAuts
